 Dungeon Crawl Stone Soup version 0.22-a0-379-ga9d99d6 (webtiles) character file.

17184 iamserjio the Destroyer (level 12, -8/82 HPs)
             Began as an Octopode Wizard on Apr 28, 2018.
             Was an Elder of Vehumet.
             Mangled by a slime creature (19 damage)
             ... on level 12 of the Dungeon.
             The game lasted 01:40:10 (23670 turns).

iamserjio the Destroyer (Octopode Wizard)          Turns: 23670, Time: 01:40:11

Health: -8/82      AC:  3    Str:  6    XL:     12   Next: 45%
Magic:  10/34      EV: 12    Int: 31    God:    Vehumet [****..]
Gold:   670        SH:  6    Dex: 14    Spells: 7/29 levels left

rFire    . . .     SeeInvis .   I - +1 war axe of No Interval {venom, +Inv rC- Int+6}
rCold    x . .     Gourm    .   u - +0 shield
rNeg     . . .     Faith    .   a - +2 hat
rPois    .         Spirit   .   (no amulet)
rElec    .         Reflect  .   g - +2 ring of slaying
rCorr    .         Harm     .   o - ring of magical power
MR       .....                  n - ring "Butu" {Dex+3 Stlth+}
Stlth    ++++......             (no ring)
HPRegen  0.23/turn              (no ring)
MPRegen  0.24/turn              (no ring)
                                (no ring)
                                (no ring)

@: very slightly contaminated, invisible
A: almost no armour, stealthy swim, amphibious, 8 rings, constrict 8, camouflage
1, gelatinous body 1
a: Renounce Religion


You were on level 12 of the Dungeon.
You worshipped Vehumet.
Vehumet was greatly pleased with you.
You were near starving.

You visited 2 branches of the dungeon, and saw 14 of its levels.
You also visited: Ossuary and Bailey.

You collected 925 gold pieces.
You spent 255 gold pieces at shops.

Inventory:

Hand Weapons
 s - a +3 trident of venom
 w - the +10 mace "Kuad" {crush, MR+}
   (You found it on level 6 of the Dungeon)

   It inflicts extra damage upon your enemies.
   It affects your resistance to hostile enchantments.
 I - the +1 war axe of No Interval (weapon) {venom, +Inv rC- Int+6}
   (You found it on level 9 of the Dungeon)

   It poisons the flesh of those it strikes.
   It affects your intelligence (+6).
   It makes you vulnerable to cold.
   It lets you turn invisible.
Armour
 a - a +2 hat (worn)
 u - a +0 shield (worn)
Jewellery
 g - a +2 ring of slaying (left tentacle)
 n - the ring "Butu" (on tentacle) {Dex+3 Stlth+}
   (You found it on level 6 of the Dungeon)

   [ring of stealth]

   It affects your dexterity (+3).
   It makes you more stealthy.
 o - a ring of magical power (right tentacle)
Wands
 r - a wand of digging (13)
 x - a wand of polymorph (24)
 F - a wand of flame (53)
 H - a wand of disintegration (14)
 J - a wand of random effects (26)
Scrolls
 d - a scroll of fear
 h - 8 scrolls of remove curse
 i - 2 scrolls of blinking
 j - a scroll of fog
 p - 2 scrolls of amnesia
 t - 10 scrolls of teleportation
 y - 2 scrolls of enchant armour
 D - a scroll of vulnerability
 E - 3 scrolls of identify
 G - a scroll of enchant weapon
 K - a scroll of noise {unknown}
Potions
 f - 2 potions of agility
 k - 5 potions of curing
 l - 5 potions of magic
 m - a potion of heal wounds
 q - 2 potions of berserk rage
 v - 2 potions of might
 z - a potion of brilliance
 A - 5 potions of flight
 C - 3 potions of lignification
Miscellaneous
 b - a phantom mirror
 e - a crystal ball of energy
 B - a phial of floods (inert)
Comestibles
 c - 13 rations


   Skills:
 + Level 7.9 Fighting
 * Level 3.7 Dodging
 - Level 2.6 Stealth
 + Level 9.4 Spellcasting
 + Level 11.6 Conjurations
 - Level 1.0 Summonings
 - Level 1.0 Translocations
 + Level 9.5 Fire Magic
 - Level 3.4 Evocations


You had 7 spell levels left.
You knew the following spells:

 Your Spells              Type           Power        Failure   Level  Hunger
a - Magic Dart            Conj           ####         1%          1    None
b - Call Imp              Summ           ###.....     24%         2    None
c - Conjure Flame         Conj/Fire      ######..     1%          3    None
d - Blink                 Tloc           N/A          24%         2    None
e - Mephitic Cloud        Conj/Pois/Air  #####...     4%          3    None
f - Flame Tongue          Conj/Fire      #####        1%          1    None
g - Throw Flame           Conj/Fire      ######       1%          2    None
h - Bolt of Magma         Conj/Fire/Erth ######....   11%         5    ###....
i - Confuse               Hex            ##......     58%         3    None


Dungeon Overview and Level Annotations

Branches:
Dungeon (13/15)            Temple (1/1) D:5            Lair (0/6) D:8
    Orc (0/2) D:12
 Vaults: D:13-14

Altars:
Ashenzari
Cheibriados
Dithmenos
Elyvilon
Fedhas
Gozag
Hepliaklqana
Kikubaaqudgha
Makhleb
Nemelex Xobeh
Okawaru
Qazlal
Ru
Sif Muna
Trog
Uskayaw
Vehumet
Wu Jian
Xom
Yredelemnul
Zin
The Shining One

Shops:
D:5 *   D:6 !

Annotations:
D:12 Rupert
D:13 Nessos, Urug


Innate Abilities, Weirdness & Mutations

You cannot wear most types of armour.
You are very stealthy in the water. (Stealth+)
You are amphibious.
You can wear up to eight rings at the same time.
You can use your tentacles to constrict eight enemies at once.
Your skin changes colour to match your surroundings (Stealth+).
Your rubbery body absorbs attacks. (AC +1, EV +1)


Message History

The slime creature hits you but does no damage. x3
You block the slime creature's attack. The slime creature hits you!
The slime creature completely misses you.
You block the slime creature's attack. The slime creature hits you.
The slime creature completely misses you.
The slime creature hits you but does no damage.
The slime creature hits you! x2
* * * LOW HITPOINT WARNING * * *
The slime creature hits you!
* * * LOW HITPOINT WARNING * * *
The slime creature barely misses you.
The slime creature hits you but does no damage.
Okay, then.
Okay, then.
You feel less wooden.
Your +2 hat unmelds from your body.
You block the slime creature's attack. The slime creature hits you.
* * * LOW HITPOINT WARNING * * *
The slime creature hits you!!
You die...

##### ....# #########
....# #..@J...# ....#
#.JJJ...# ....#
#..{....#
....###########.)....#
###......#...##.J....#
#......#...........#
#......+...##..[)..#
#......#...##......#
#......#...#.......#


You could see 5 slime creatures.

Vanquished Creatures
  6 two-headed ogres
  An unseen horror (D:12)
  2 ugly things
  A cyclops (D:9)
  2 manticores (D:11)
  A troll (D:12)
  A slime creature (D:12)
  A hippogriff (D:9)
  2 humans
  3 wraiths
  7 yaks (D:11)
  3 wyverns
  A steam dragon (D:11)
  Eustachio (D:5)
  A hungry ghost (D:4)
  2 insubstantial wisps
  An acid dragon (D:11)
  A water moccasin (D:9)
  4 orc warriors
  5 sky beasts
  A black bear (D:12)
  2 ice beasts
  2 phantoms (D:7)
  3 ogres
  A necrophage (D:10)
  3 centaurs
  5 big kobolds
  8 gnoll sergeants (Bailey)
  10 bullfrogs
  7 water moccasin zombies (Ossuary)
  13 killer bees
  2 scorpions
  7 wights
  A howler monkey (D:9)
  2 centaur zombies
  A crimson imp (D:8)
  A bullfrog zombie (D:11)
  11 hounds
  8 orc priests
  A quasit (D:7)
  2 bullfrog skeletons
  6 gnoll shamans (Bailey)
  15 orc wizards
  Jessica (D:3)
  A centaur skeleton (D:12)
  Natasha (D:3)
  4 iguanas
  7 worker ants
  A hound skeleton (D:4)
  A hound zombie (D:11)
  3 mummies
  A worker ant zombie (D:11)
  14 gnolls (Bailey)
  11 adders
  A shadow imp (D:12)
  2 oozes
  An adder skeleton (D:4)
  3 adder zombies (Ossuary)
  3 worms
  3 dart slugs
  8 leopard geckos
  48 orcs
  A ball python (D:3)
  6 bats
  4 giant cockroaches
  3 goblins
  11 hobgoblins
  5 jackals
  4 quokkas
  4 frilled lizards
  4 gnoll zombies (Ossuary)
  A goblin zombie (D:5)
  2 hobgoblin zombies
  14 kobolds
  4 kobold zombies (Ossuary)
  A leopard gecko skeleton (D:4)
  7 orc zombies (Ossuary)
  A quokka skeleton (D:4)
  5 rats
349 creatures vanquished.

Vanquished Creatures (collateral kills)
  A centaur skeleton (D:10)
  A spriggan (shapeshifter) (D:8)
  A crimson imp (D:3)
  A jelly (D:2)
  An orc priest (D:5)
  An orc wizard (D:4)
  An iguana (D:2)
  A worker ant (D:4)
  Natasha (twice) (D:3)
  2 orcs (D:5)
  A jackal (D:2)
  A goblin (D:2)
  A rat (D:2)
15 creatures vanquished.

Vanquished Creatures (others)
  A wight (D:10)
1 creature vanquished.

Grand Total: 365 creatures vanquished

Notes
Turn   | Place    | Note
-------+----------+-------------------------------------------
     0 | D:1      | iamserjio the Octopode Wizard began the quest for the Orb.
     0 | D:1      | Reached XP level 1. HP: 11/11 MP: 4/4
   618 | D:1      | Reached XP level 2. HP: 17/17 MP: 1/6
   669 | D:1      | Learned a level 2 spell: Call Imp
   924 | D:1      | Reached skill level 2 in Conjurations
  1378 | D:1      | Found a shadowy altar of Dithmenos.
  1380 | D:1      | Found a bloodstained altar of Trog.
  1380 | D:1      | Found a stormy altar of Qazlal.
  1382 | D:1      | Found a shimmering altar of Xom.
  1382 | D:1      | Found a shimmering altar of Xom.
  1382 | D:1      | Found a shadowy altar of Dithmenos.
  1610 | D:2      | Reached XP level 3. HP: 9/21 MP: 1/7
  1615 | D:2      | Learned a level 3 spell: Conjure Flame
  1924 | D:2      | Reached skill level 3 in Conjurations
  1980 | D:2      | Reached XP level 4. HP: 9/27 MP: 3/9
  2652 | D:2      | Found a shattered altar of Ashenzari.
  2652 | D:2      | Found a snail-covered altar of Cheibriados.
  3031 | D:2      | Found a glowing silver altar of Zin.
  3037 | D:2      | Found a hide-covered altar of Uskayaw.
  3037 | D:2      | Found a blossoming altar of Fedhas.
  3043 | D:2      | Found a deep blue altar of Sif Muna.
  3395 | D:3      | Noticed Natasha
  3402 | D:3      | Killed Natasha
  3402 | D:3      | Reached XP level 5. HP: 31/31 MP: 0/10
  3540 | D:3      | Noticed Natasha
  3550 | D:3      | Killed Natasha
  3550 | D:3      | Reached skill level 4 in Conjurations
  3755 | D:3      | Noticed Natasha
  4034 | D:3      | Reached skill level 1 in Fire Magic
  4044 | D:3      | Noticed Jessica
  4047 | D:3      | Killed Jessica
  4191 | D:3      | Found an opulent altar of Gozag.
  4211 | D:3      | Killed Natasha
  4214 | D:3      | Reached XP level 6. HP: 28/36 MP: 5/12
  5252 | D:4      | Found an iron altar of Okawaru.
  5330 | D:4      | Learned a level 2 spell: Blink
  5334 | D:4      | Learned a level 3 spell: Mephitic Cloud
  5360 | D:4      | Reached skill level 5 in Conjurations
  5771 | D:4      | Reached XP level 7. HP: 41/41 MP: 0/13
  6162 | D:4      | Noticed a hungry ghost
  6168 | D:4      | Killed a hungry ghost
  6475 | D:4      | Reached skill level 6 in Conjurations
  7112 | D:5      | Entered Level 5 of the Dungeon
  7159 | D:5      | Found a sand-covered staircase.
  7168 | Ossuary  | Entered an ossuary
  7350 | Ossuary  | Reached skill level 5 in Spellcasting
  7353 | Ossuary  | Reached XP level 8. HP: 32/46 MP: 6/15
  7864 | Ossuary  | Reached skill level 7 in Conjurations
  8317 | D:5      | Found a staircase to the Ecumenical Temple.
  8323 | Temple   | Entered the Ecumenical Temple
  8360 | Temple   | Became a worshipper of Vehumet
  8487 | D:5      | Found Tudag's Assorted Antiques.
  8531 | D:5      | Found a white marble altar of Elyvilon.
  8592 | D:5      | Found a basalt altar of Yredelemnul.
  8813 | D:5      | Noticed Eustachio
  8822 | D:5      | Killed Eustachio
  9747 | D:6      | Got a fine bronze ring
  9764 | D:6      | Got an ichor-stained mace
  9765 | D:6      | Identified the +10 mace "Kuad" {crush, MR+} (You found it on level 6 of the Dungeon)
  9773 | D:6      | Found Aggyufiw's Distillery.
  9781 | D:6      | Bought a potion of lignification for 42 gold pieces
  9781 | D:6      | Bought a potion of degeneration for 14 gold pieces
  9781 | D:6      | Bought a potion of lignification for 42 gold pieces
  9781 | D:6      | Bought a potion of curing for 42 gold pieces
  9781 | D:6      | Bought a potion of curing for 42 gold pieces
  9781 | D:6      | Bought a potion of curing for 42 gold pieces
  9820 | D:6      | Reached skill level 1 in Fighting
 10563 | D:6      | Reached skill level 5 in Fire Magic
 10563 | D:6      | Reached XP level 9. HP: 54/54 MP: 14/18
 10752 | D:6      | Identified the ring "Butu" {Dex+3 Stlth+} (You found it on level 6 of the Dungeon)
 10829 | D:7      | Reached skill level 8 in Conjurations
 11695 | D:7      | Reached * piety under Vehumet
 11695 | D:7      | Offered knowledge of Flame Tongue by Vehumet.
 11702 | D:7      | Learned a level 1 spell: Flame Tongue
 12656 | D:8      | Reached skill level 9 in Conjurations
 12736 | D:8      | Found a staircase to the Lair.
 12990 | D:8      | Noticed an orb spider
 12995 | D:8      | an orb spider changed into a spriggan
 13004 | D:8      | Reached XP level 10. HP: 48/64 MP: 18/20
 13209 | D:8      | Reached ** piety under Vehumet
 13209 | D:8      | Offered knowledge of Throw Flame by Vehumet.
 13298 | D:8      | Learned a level 2 spell: Throw Flame
 13555 | D:9      | Noticed a two-headed ogre
 13574 | D:9      | Killed a two-headed ogre
 13673 | D:9      | Reached skill level 5 in Fighting
 13683 | D:9      | Reached skill level 10 in Conjurations
 14360 | D:9      | Got a translucent war axe
 14379 | D:9      | Noticed a cyclops
 14671 | D:9      | Found a shadowy altar of Dithmenos.
 14738 | D:9      | Offered knowledge of Static Discharge by Vehumet.
 15100 | D:9      | Identified the cursed +1 war axe of No Interval {venom, +Inv rC- Int+6} (You found it on level 9 of the Dungeon)
 15223 | D:9      | Killed a cyclops
 15223 | D:9      | Reached skill level 1 in Evocations
 15422 | D:10     | Entered Level 10 of the Dungeon
 15489 | D:10     | Found a flagged portal.
 15519 | Bailey   | Entered a bailey
 15886 | Bailey   | Reached *** piety under Vehumet
 16211 | Bailey   | Reached XP level 11. HP: 65/72 MP: 13/23
 17274 | D:10     | Offered knowledge of Dazzling Spray by Vehumet.
 17453 | D:10     | Noticed a two-headed ogre
 17477 | D:10     | Killed a two-headed ogre
 18449 | D:11     | Noticed a two-headed ogre
 18459 | D:11     | Noticed a manticore
 18460 | D:11     | Noticed a manticore
 18592 | D:11     | Noticed a two-headed ogre
 18631 | D:11     | Killed a two-headed ogre
 18939 | D:11     | Reached **** piety under Vehumet
 18943 | D:11     | Offered knowledge of Bolt of Magma by Vehumet.
 18971 | D:11     | Learned a level 5 spell: Bolt of Magma
 19047 | D:11     | Noticed a red ugly thing
 19155 | D:11     | Reached skill level 11 in Conjurations
 19283 | D:11     | Killed a two-headed ogre
 20124 | D:11     | Killed a manticore
 20514 | D:11     | Killed a manticore
 20829 | D:11     | Killed a green ugly thing
 20829 | D:11     | Reached XP level 12. HP: 81/81 MP: 17/25
 21274 | D:5      | Bought a scroll labeled MYUNOO DAZUIB for 31 gold pieces
 21713 | D:12     | Noticed Rupert
 22152 | D:12     | Noticed a two-headed ogre
 22168 | D:12     | Killed a two-headed ogre
 22193 | D:12     | Noticed a two-headed ogre
 22231 | D:12     | Killed a two-headed ogre
 22420 | D:12     | Found a staircase to the Orcish Mines.
 23093 | D:12     | Learned a level 3 spell: Confuse
 23111 | D:13     | Noticed Urug
 23112 | D:13     | Noticed a two-headed ogre
 23115 | D:13     | Noticed Nessos
 23670 | D:12     | Mangled by a slime creature

Vault maps used:
D:1:      minmay_arrival_solitary_statue, doesnt_xom_only_xom
D:2:      minitemple, gammafunk_temple_overflow_elements
D:3:      columned_hall_lemuel, nicolae_gozag_cash_rules_everything_around_me,
          uniq_natasha, uniq_jessica
D:4:      nicolae_overflow_crystal_walls
D:5:      kennysheep_ying_yang, minmay_temple_entry_hall, first_ration,
          nicolae_ossuary_entry_giza, serial_shops, shop, uniq_eustachio
D:6:      serial_shops, shop
D:8:      dpeg_oklobed_lair
D:9:      basic_altar
D:10:     enter_bailey_2, grunt_pizzeria
D:11:     minmay_cornered_nines, hangedman_misty_isle
D:12:     david_orc_2, basic_altar, portal_ice_cave_entry_ice_beasts,
          st_stairs_3, uniq_rupert
D:13:     david_vaults_3
Temple:   cyrus_circular_temple
Ossuary:  ossuary_tomb_2
Bailey:   bailey_polearm_gnolls_kennysheep, bailey

Skill      XL: |  1  2  3  4  5  6  7  8  9 10 11 12 |
---------------+-------------------------------------+-----
Conjurations   | 2 3 4 5 6 7 9 10 11 | 11.6
Fire Magic     | 1 2 3 5 6 8 9 |  9.5
Spellcasting   | 4 5 6 7 8 9 |  9.4
Fighting       | 1 4 5 7 |  7.9
Evocations     | 2 3 |  3.4
Dodging        | 3 |  3.7
Stealth        | |  2.6
Summonings     | |  1.0
Translocations | |  1.0

Action                   |  1- 3 |  4- 6 |  7- 9 | 10-12 || total
-------------------------+-------+-------+-------+-------++-------
Melee: Club              |    28 |    28 |     3 |       ||    59
       Constrict         |     5 |     9 |    35 |    21 ||    70
       Tentacles         |       |     3 |    14 |    22 ||    39
       Trident           |       |       |   155 |   177 ||   332
       Spear             |       |       |     1 |       ||     1
       Mace              |       |       |    26 |     1 ||    27
       War axe           |       |       |       |    59 ||    59
 Cast: Magic Dart        |    44 |   161 |   170 |    10 ||   385
       Call Imp          |     5 |    11 |    19 |    35 ||    70
       Conjure Flame     |       |     8 |    33 |    80 ||   121
       Blink             |       |       |     1 |     2 ||     3
       Flame Tongue      |       |       |    18 |   325 ||   343
       Mephitic Cloud    |       |       |     1 |    28 ||    29
       Throw Flame       |       |       |       |    31 ||    31
       Bolt of Magma     |       |       |       |    27 ||    27
 Abil: Evoke Invisibilit |       |       |       |     1 ||     1
Evoke: Wand              |       |       |       |     2 ||     2
       Phial of floods   |       |       |       |     1 ||     1
  Use: Potion            |       |     5 |     1 |     4 ||    10
       Scroll            |       |       |    14 |    14 ||    28
 Stab: Sleeping          |     2 |     1 |    11 |     4 ||    18
       Distracted        |       |       |       |     1 ||     1
       Confused          |       |       |       |     1 ||     1
  Eat: Chunk             |     3 |     9 |    14 |    17 ||    43
       Ration            |       |     1 |     3 |     5 ||     9
Armor: Skin              |     5 |     2 |     5 |    49 ||    61
Dodge: Dodged            |    31 |    32 |    76 |   191 ||   330
Block: Shield            |       |       |       |     5 ||     5

Table legend:
 A = Spawn XP
 B = Non-spawn XP
 C = Spawn XP percentage of total XP
 D = Spawn monster count
 E = Non-spawn monster count
 F = Spawn count percentage of total count
 G = Total turns spent on level
                    A         B        C        D         E        F      G
               +---------+---------+-------+---------+---------+-------+---------
         Total |       0 |   24549 |   0.0 |       0 |     364 |   0.0 | 23670
               +---------+---------+-------+---------+---------+-------+---------
           D:1 |       0 |      29 |   0.0 |       0 |      14 |   0.0 |  1559
           D:2 |       0 |     120 |   0.0 |       0 |      27 |   0.0 |  1736
           D:3 |       0 |     212 |   0.0 |       0 |      25 |   0.0 |  2095
           D:4 |       0 |     700 |   0.0 |       0 |      33 |   0.0 |  1742
           D:5 |       0 |     352 |   0.0 |       0 |      13 |   0.0 |  1691
           D:6 |       0 |     413 |   0.0 |       0 |       8 |   0.0 |  1024
           D:7 |       0 |    1122 |   0.0 |       0 |      21 |   0.0 |  1650
           D:8 |       0 |    1478 |   0.0 |       0 |      28 |   0.0 |  1278
           D:9 |       0 |    3169 |   0.0 |       0 |      33 |   0.0 |  1824
          D:10 |       0 |    2269 |   0.0 |       0 |      18 |   0.0 |  1513
          D:11 |       0 |    7256 |   0.0 |       0 |      52 |   0.0 |  3553
          D:12 |       0 |    5526 |   0.0 |       0 |      32 |   0.0 |  1411
          D:13 |       0 |      91 |   0.0 |       0 |       3 |   0.0 |     9
       Ossuary |       0 |     624 |   0.0 |       0 |      27 |   0.0 |   997
        Bailey |       0 |    1188 |   0.0 |       0 |      30 |   0.0 |  1537
               +---------+---------+-------+---------+---------+-------+---------
